 Dungeon Crawl Stone Soup version 0.29.0-7-g18a832c13a (webtiles) character file.

Game seed: 7019475931199880051

148 Querens the Shield-Bearer (level 5, -1/46 HPs)
             Began as a Meteoran Fighter on Aug 30, 2022.
             Slain by an orc priest
             ... wielding a +0 mace
              (3 damage)
             ... on level 3 of the Dungeon.
             The game lasted 00:04:00 (1069 turns).

Querens the Shield-Bearer (Meteoran Fighter)        Turns: 1069, Time: 00:04:01

Health: -1/46      AC:  8    Str: 19    XL:     5   Next: 87%
Magic:  6/6        EV:  9    Int: 10    God:
Gold:   241        SH:  5    Dex: 13    Spells: 4/4 levels left

rFire   . . .      SeeInvis .   a - +0 war axe
rCold   . . .      Faith    .   c - +0 buckler
rNeg    . . .      Spirit   .   b - +0 scale mail
rPois   .          Reflect  .   (no helmet)
rElec   .          Harm     .   (no cloak)
rCorr   .          Rampage  .   i - +0 pair of gloves
Will    .....                   (no boots)
Stlth   ..........              (no amulet)
HPRegen 0.15/turn               (no ring)
MPRegen 0.10/turn               (no ring)

@: mighty, glowing
A: sense surroundings 1, otherworldly, glowing, explore regen
a: no special abilities


You were on level 3 of the Dungeon.
You visited 1 branch of the dungeon, and saw 3 of its levels.

You collected 241 gold pieces.

Inventory:

Hand Weapons
 a - a +0 war axe (weapon)
Armour
 b - a +0 scale mail (worn)
 c - a +0 buckler (worn)
 i - a +0 pair of gloves (worn)
Jewellery
 f - a ring of magical power
Wands
 u - a wand of charming (10)
 v - a wand of polymorph (8)
Scrolls
 e - 3 scrolls of teleportation {unknown}
 g - a scroll of fear {unknown}
 j - 5 scrolls of identify {unknown}
 k - a scroll of enchant weapon {unknown}
 l - 2 scrolls of vulnerability {unknown}
 n - a scroll of magic mapping {unknown}
 t - a scroll of poison {unknown}
Potions
 h - a potion of lignification {unknown}
 m - a potion of attraction {unknown}
 o - a potion of magic {unknown}
 p - a potion of berserk rage {unknown}
 q - a potion of resistance {unknown}
 r - a potion of curing {unknown}
 s - a potion of flight {unknown}


   Skills:
 + Level 4.2 Fighting
 + Level 3.8 Axes
 + Level 4.7 Armour
 + Level 4.7 Shields


You had 4 spell levels left.
You didn't know any spells.
Your spell library contained the following spells:

 Spells                   Type           Power      Damage    Failure   Level
 Dispersal                Tloc           0%         N/A       100%        6
 Disjunction              Tloc           0%         N/A       100%        8


Dungeon Overview and Level Annotations

Branches:
Dungeon (3/15) Zot: 681

Altars:
Hepliaklqana
Qazlal


Innate Abilities, Weirdness & Mutations

You passively map a small area around you.
You are easily found by Zot.
You glow in the dark.
You regain HP and MP as you explore.


Message History

The orc priest shouts!
You block the orc's attack. The orc closely misses you.
The orc priest closely misses you.
Unknown command.
Unknown command.
You slash the orc priest!
The orc priest is almost dead.
You slash the orc!
You kill the orc!
You hit the orc. The orc misses you. The orc priest hits you with a +0 club.
Unknown command.
Unknown command.
Unknown command.
You barely miss the orc priest.
The orc priest is almost dead.
You hit the orc priest. You closely miss the orc.
The orc priest hits you with a +0 mace. The orc hits you with a +0 hand axe.
The orc priest mumbles some strange prayers to Beogh against you.
Beogh smites you!
* * * LOW HITPOINT WARNING * * *
You block the orc priest's attack.
The orc priest hits you but does no damage.
The orc hits you but does no damage.
Unknown command.
Unknown command.
You closely miss the orc priest.
The orc priest is moderately wounded.
You closely miss the orc. You hit the orc priest.
You kill the orc priest!
You block the orc priest's attack. The orc hits you but does no damage.
Unknown command.
Unknown command.
Unknown command.
Unknown command.
You hit the orc priest.
The orc priest is heavily wounded.
You hit the orc.
You kill the orc!
The orc priest hits you with a +0 mace.
You die...

...............>....#
#.#.####
##.#####..#####.....####
#....... *
#........###.##)....#
##.#####
,#......#..##.##.###.####.#
#........................#
#......###.#.##..##.####.#
*####.........##..........#
, #....##..)##..##.####.# *
, #....##.))@...##.# #.#
*#....##.#o#)..##.####.#
*#######.#.##..##...##.# *
, #.#.##......)...#
#.#........###### ,,,
#.###...#..# * ##.....# , *
* #..##.# , #..##.#


You could see an orc priest.

Vanquished Creatures
  2 orc priests (D:3)
  3 adders (D:2)
  2 worms (D:2)
  2 orcs (D:3)
  4 endoplasms
  2 giant cockroaches
  6 goblins
  A hobgoblin (D:3)
  3 jackals (D:2)
  2 quokkas (D:1)
  5 ball pythons
  5 bats
  3 frilled lizards
  9 kobolds
  10 rats
59 creatures vanquished.

Notes
Turn   | Place    | Note
-------+----------+-------------------------------------------
     0 | D:1      | Querens the Meteoran Fighter began the quest for the Orb.
     0 | D:1      | Reached XP level 1. HP: 19/19 MP: 2/2
   134 | D:1      | Reached XP level 2. HP: 20/26 MP: 3/3
   252 | D:1      | Reached XP level 3. HP: 28/31 MP: 4/4
   547 | D:2      | Reached XP level 4. HP: 23/40 MP: 5/5
   614 | D:2      | Found a faded altar of an unknown god.
   889 | D:3      | Found a hazy altar of Hepliaklqana.
   889 | D:3      | Found a stormy altar of Qazlal.
   895 | D:3      | Reached XP level 5. HP: 46/46 MP: 6/6
  1067 | D:3      | HP: 2/46 [orc priest/divine providence (16)]
  1069 | D:3      | Slain by an orc priest

Illustrated notes

Levels and vault maps discovered:
D:1:      wander_arrival_estate, layout_basic, minmay_tromino_mix6
D:2:      layout_rooms, hellmonk_ecumenical_altar_zigzags, minmay_3d_cube
D:3:      layout_basic, gammafunk_temple_overflow_wave, grunt_ministairs_5

Skill      XL: |  1  2  3  4 |
---------------+-------------+-----
Shields        | 4 |  4.7
Armour         | 4 |  4.7
Axes           | 3 |  3.8
Fighting       | 4 |  4.2

Action                   |  1- 3 |  4- 6 || total
-------------------------+-------+-------++-------
Melee: War axe           |    55 |    74 ||   129
  Use: Potion            |       |     1 ||     1
Armor: Scale mail        |    50 |    69 ||   119
Dodge: Dodged            |    33 |    29 ||    62
Block: Buckler           |    19 |    23 ||    42
